AoeStats
← alexmavrovic

Fortress

508705031Analyzed
2v2 RM · 10d ago on Sep 23, 2026· 20m 35s· 4 players
Game mode
Random Map
Map size
Normal (6 player)
Population
200
Speed
Normal
Resources
Standard
Victory
Conquest
Starting age
Dark Age
Ending age
Imperial Age
RankedLock teamsTeams togetherTeam positionsShared explorationLock speedFull tech treeHidden civsTurbo modeCheats
Victory
Defeat
🇹🇷 Khmer · Türkiye
1157
+14
🇹🇷 Goths · Türkiye
1071
+17
🇨🇦 Saxons · Canada
1135
-17
🇷🇸 Armenians · Serbia
1073
-14
HolyGhost
8:02 Feudal Age
10:42 Castle Age
9:04 Double-Bit Axe
8:59 Horse Collar
13:59 Gold Mining
B!G SPARKY
7:53 Feudal Age
12:00 Castle Age
10:45 Horse Collar
10:52 Double-Bit Axe
14:06 Squires
14:17 Scale Mail Armor
16:17 Forging
16:07 Loom
Smiley
7:49 Feudal Age
6:09 Loom
9:05 Double-Bit Axe
9:09 Horse Collar
11:49 Wheelbarrow
14:49 Castle Age
12:53 Gold Mining
13:09 Man-at-Arms
14:03 Long Swordsman
14:39 Arson
15:34 Scale Mail Armor
alexmavrovic
7:04 Feudal Age
7:59 Loom
11:13 Castle Age
9:18 Double-Bit Axe
9:26 Horse Collar
11:15 Gold Mining
13:06 Scale Mail Armor
14:05 Wheelbarrow
19:05 Chain Mail Armor
Connection lost

Rejoining the realm…

Still unreachable

The connection could not be restored.

Session expired

The server has moved on; the page needs a fresh start.